 Dungeon Crawl Stone Soup version 0.17.0-26-gececa24 (webtiles) character file.

182 homeworkjunkie the Covert (level 5, -7/26 HPs)
             Began as a Spriggan Assassin on Nov 19, 2015.
             Shot with an arrow by a centaur (14 damage)
             ... on level 5 of the Dungeon.
             The game lasted 00:09:43 (3152 turns).

homeworkjunkie the Covert (Spriggan Assassin)       Turns: 3152, Time: 00:09:43

Health: -7/26      AC:  3    Str:  7    XL:     5   Next: 34%
Magic:  6/6        EV: 19    Int: 13    God:
Gold:   65         SH:  0    Dex: 18    Spells: 0 memorised, 4 levels left

rFire  . . .     SeeInvis +     a - +4 dagger
rCold  . . .     Clarity  .     c - +0 robe
rNeg   + . .     SustAt   .     (shield restricted)
rPois  .         Gourm    .     (helmet restricted)
rElec  .         Spirit   .     d - +0 cloak
rCorr  .         Warding  +     (gloves unavailable)
rMut   .         Stasis   .     (boots unavailable)
MR     .....                    f - amulet of warding
Stlth  ++++......               (no ring)
                                o - ring of wizardry

@: very quick, not resistant to hostile enchantments, stealthy
A: unfitting armour, see invisible, herbivore 3, speed 3, slow metabolism 2
a: no special abilities


You were on level 5 of the Dungeon.
You were not hungry.

You visited 2 branches of the dungeon, and saw 6 of its levels.

You collected 243 gold pieces.
You spent 178 gold pieces at shops.

Inventory:

Hand Weapons
 a - a +4 dagger (weapon)
 b - a +0 blowgun
 t - a +0 hunting sling
 u - the +0 dagger of Pecagh {pierce, +Fly Str-4 Stlth+}
   (You bought it in a shop on level 4 of the Dungeon)

   It inflicts extra damage upon your enemies.
   It affects your strength (-4).
   It lets you fly.
   It makes you more stealthy.
Armour
 c - a +0 robe (worn)
 d - a +0 cloak (worn)
Jewellery
 f - an amulet of warding (around neck)
 o - a ring of wizardry (left hand)
Wands
 s - a wand of frost (0)
Scrolls
 h - a scroll of teleportation
 m - 2 scrolls of remove curse
Potions
 e - a potion of flight {unknown}
 j - a potion of heal wounds {unknown}
 k - a potion of haste
 l - a potion of poison {unknown}
 p - a potion of ambrosia {unknown}
Books
 v - a book of Ice

   Spells                             Type                      Level
   a - Ice Form                       Ice/Transmutation            4
   b - Metabolic Englaciation         Hexes/Ice                    5
   c - Ozocubu's Refrigeration        Ice                          6
   d - Bolt of Cold                   Conjuration/Ice              6
   e - Freezing Cloud                 Conjuration/Ice/Air          6
   f - Simulacrum                     Ice/Necromancy               6
Comestibles
 g - 2 bread rations
 n - a slice of pizza


   Skills:
 * Level 2.0 Fighting
 * Level 2.9 Short Blades
 * Level 2.5 Throwing
 * Level 3.9 Dodging
 * Level 8.0 Stealth
 + Level 1.0 Evocations


You had 4 spell levels left.
You didn't know any spells.

Dungeon Overview and Level Annotations

Branches:
Dungeon (5/15)             Temple (1/1) D:4

Altars:
Ashenzari
Elyvilon
Fedhas
Nemelex Xobeh
Ru
Sif Muna
Trog
Xom
Yredelemnul
Zin
The Shining One

Shops:
D:4 ([:


Innate Abilities, Weirdness & Mutations

You are tiny and cannot use many weapons and most armour.
You have supernaturally acute eyesight.
You are a herbivore.
You cover ground extremely quickly.
You need consume almost no food.


Message History

You hit the centaur.
The centaur is heavily wounded.
The centaur completely misses you.
You barely miss the centaur.
The centaur is heavily wounded.
The centaur completely misses you. The centaur closely misses you.
You hit the centaur.
The centaur is severely wounded.
The centaur barely misses you.
The centaur wields a shortbow.
The centaur shoots an arrow.
The arrow hits you!
* * * LOW HITPOINT WARNING * * *
You see here an arrow.
Drink which item? (? for menu, Esc to quit)
You feel better.
The centaur shoots an arrow.
The arrow hits you.
* * * LOW HITPOINT WARNING * * *
The centaur shoots an arrow.
The arrow barely misses you.
The centaur shoots an arrow.
The arrow barely misses you.
The centaur shoots an arrow.
The arrow hits you!
Ouch! That really hurt!
You die...

#.#..####...
#.#..#...... #.
.(.(....?.. #.#
....###.#.....#
#..
...............
#.# #<...## #
#.....#####.####
#.....#......$.#
####.@((.%.....#
##((c.......#
....(.........#
#.......###.####
#......>(. .#
#.....##### #
.......#
........


You could see a centaur.

Vanquished Creatures
  An orc priest (D:4)
  A worker ant (D:4)
  3 adders
  An ooze (D:1)
  5 worms
  The ghost of BLOAX the Ruffian, a weakling VSTm (D:3)
  3 giant geckos
  7 orcs
  3 giant cockroaches (D:1)
  5 goblins
  4 hobgoblins
  6 jackals
  8 kobolds
  A ball python (D:1)
  11 bats
  2 giant newts (D:1)
  2 quokkas
  11 rats
75 creatures vanquished.

Vanquished Creatures (others)
  A toadstool (D:5)
1 creature vanquished.

Grand Total: 76 creatures vanquished

Notes
Turn   | Place    | Note
--------------------------------------------------------------
     0 | D:1      | homeworkjunkie the Spriggan Assassin began the quest for the Orb.
     0 | D:1      | Reached XP level 1. HP: 10/10 MP: 2/2
    57 | D:1      | Reached skill level 6 in Stealth
   112 | D:3      | Noticed BLOAX's ghost (weakling VSTm)
   243 | D:2      | Reached XP level 2. HP: 13/15 MP: 3/3
   874 | D:2      | Reached XP level 3. HP: 16/18 MP: 4/4
  1095 | D:1      | Reached skill level 7 in Stealth
  1597 | D:1      | Reached XP level 4. HP: 19/23 MP: 5/5
  2092 | D:3      | Found a sacrificial altar of Ru.
  2160 | D:3      | Killed BLOAX's ghost
  2395 | D:3      | Found a shimmering altar of Xom.
  2452 | D:4      | Found Tyhyemp's Armour Shop.
  2715 | D:4      | Found Rema's Antique Weapon Shoppe.
  2721 | D:4      | Bought a hunting sling for 31 gold pieces
  2721 | D:4      | Bought a transparent dagger for 147 gold pieces
  2725 | D:4      | Identified the cursed +0 dagger of Pecagh {pierce, +Fly Str-4 Stlth+} (You bought it in a shop on level 4 of the Dungeon)
  2758 | D:4      | Reached XP level 5. HP: 23/26 MP: 6/6
  2792 | D:4      | Reached skill level 8 in Stealth
  2792 | D:4      | Reached skill level 1 in Evocations
  2817 | D:4      | Found Baopsos's Book Boutique.
  2907 | D:4      | Found a staircase to the Ecumenical Temple.
  2916 | Temple   | Entered the Ecumenical Temple
  3096 | D:5      | Entered Level 5 of the Dungeon
  3134 | D:5      | Noticed a centaur
  3152 | D:5      | Shot with an arrow by a centaur

Action                   |  1- 3 |  4- 6 || total
-------------------------+-------+-------++-------
Melee: Dagger            |   104 |    79 ||   183
 Fire: Blowgun           |    14 |    25 ||    39
Evoke: Wand              |       |    14 ||    14
  Use: Scroll            |       |    12 ||    12
       Potion            |       |     1 ||     1
 Stab: Sleeping          |    10 |    12 ||    22
       Distracted        |     1 |     1 ||     2
